 Dungeon Crawl Stone Soup version 0.28-a0-850-g09de17f5b5 (webtiles) character file.

Game seed: 10197270030246851319

137 croobank the Sneak (level 5, -3/41 HPs)
             Began as a Demonspawn Delver on Nov 13, 2021.
             Slain by Eustachio (5 damage)
             ... on level 4 of the Dungeon.
             The game lasted 00:15:04 (2421 turns).

croobank the Sneak (Demonspawn Delver)              Turns: 2421, Time: 00:15:08

Health: -3/41      AC:  5    Str: 14    XL:     5   Next: 0%
Magic:  6/6        EV: 12    Int: 11    God:
Gold:   211        SH:  0    Dex: 14    Spells: 2/6 levels left

rFire   . . .      SeeInvis .   i - +0 war axe
rCold   . . .      Faith    .   (no shield)
rNeg    . . .      Spirit   .   b - +0 leather armour
rPois   .          Reflect  .   r - +0 helmet
rElec   .          Harm     .   B - +0 cloak
rCorr   .          Rampage  .   (no gloves)
Will    .....                   (no boots)
Stlth   +++.......              q - amulet of the acrobat
HPRegen 0.13/turn               (no ring)
MPRegen 0.20/turn               (no ring)

@: no status effects
A: hooves 1, magic regeneration
a: no special abilities


You were on level 4 of the Dungeon.
You visited 1 branch of the dungeon, and saw 5 of its levels.

You collected 211 gold pieces.

Inventory:

Hand Weapons
 a - a +0 hand axe
 f - a +0 flail
 i - a +0 war axe (weapon)
 n - a +0 long sword
 p - a +0 great sword
Missiles
 j - 66 stones
 l - 39 poisoned darts (quivered)
Armour
 b - a +0 leather armour (worn)
 m - a +0 scale mail
 r - a +0 helmet (worn)
 v - a +0 ring mail
 B - a +0 cloak (worn)
Jewellery
 q - an amulet of the acrobat (around neck)
Wands
 g - a wand of digging (3)
 A - a wand of paralysis (5)
Scrolls
 c - a scroll of fog
 d - a scroll of magic mapping
 s - a scroll of fear
 w - 2 scrolls of enchant weapon {unknown}
 x - a scroll of teleportation {unknown}
 y - a scroll of silence {unknown}
Potions
 e - 3 potions of resistance
 h - a potion of lignification {unknown}
 k - 3 potions of heal wounds {unknown}
 o - a potion of mutation {unknown}
 t - a potion of flight {unknown}
 u - 3 potions of curing
 z - a potion of degeneration {unknown}


   Skills:
 + Level 3.3 Fighting
 + Level 2.8 Axes
 + Level 0.1 Throwing
 + Level 1.1 Armour
 + Level 1.9 Dodging
 + Level 5.3 Stealth
 * Level 1.2 Spellcasting


You had 2 spell levels left.
You knew the following spells:

 Your Spells              Type           Power      Damage    Failure   Level
a - Summon Small Mammal   Summ           0%         N/A       36%         1
b - Call Canine Familiar  Summ           0%         N/A       75%         3

Your spell library contained the following spells:

 Spells                   Type           Power      Damage    Failure   Level
 Summon Guardian Golem    Hex/Summ       0%         N/A       75%         3


Dungeon Overview and Level Annotations

Branches:
Dungeon (5/15)
 Temple: D:4-7

Altars:
The Shining One

Shops:
D:3 [   D:5 :

Annotations:
D:4 Eustachio


Innate Abilities, Weirdness & Mutations

You have large cloven feet.
You regenerate magic rapidly.


Message History

You closely miss the shadow imp.
The shadow imp hits you but does no damage.
The white imp gestures at you. The puff of frost hits you!
The shadow imp gestures at you.
You barely resist. The white imp misses you.
You slash the white imp!
The white imp is severely wounded.
You hit the shadow imp. The shadow imp barely misses you.
The white imp misses you. The shadow imp hits you.
You hit the white imp.
You kill the white imp!
The white imp disappears in a puff of smoke!
You hit the shadow imp.
You kill the shadow imp!
The shadow imp disappears in a puff of smoke!
The helpless Eustachio fails to defend himself.
You slash Eustachio! You kick Eustachio, but do no damage.
Eustachio is heavily wounded.
The helpless Eustachio fails to defend himself.
You hit Eustachio. You kick Eustachio.
Eustachio is severely wounded.
Eustachio is no longer paralysed.
Eustachio twirls his moustache.
Eustachio casts a spell.
Eustachio blinks!
Aiming: Paralyse
Press: ? - help, Shift-Dir - straight line, f/p - Eustachio
Aim: Eustachio, wielding a +2 rapier of holy wrath and wearing a +0 leather armour (severely wounded, chance to affect: 46%) Eustachio resists with some effort.
Eustachio casts a spell.
You barely miss the crimson imp. The crimson imp barely misses you.
You miss the crimson imp. Your kick misses the crimson imp.
You hit Eustachio but do no damage.
Eustachio hits you with a +2 rapier of holy wrath!
You convulse!
* * * LOW HITPOINT WARNING * * *
The crimson imp misses you. The ufetubus misses you. x2
Eustachio hits you with a +2 rapier of holy wrath.
You die...

####............
##......#######.#
#..####...... #.#
###.## #####.##.#
#...# .....
###.#########
.....
##.<..........
..#..
#...@......##
..## #...5@.....#
.. .
#....5......# . .
##########.## .
.# > #


You could see Eustachio, a crimson imp (summoned) and an ufetubus (summoned).

Vanquished Creatures
  A jelly (D:4)
  5 adders
  2 worms
  A dart slug (D:4)
  6 orcs
  4 endoplasms
  4 goblins
  4 hobgoblins
  4 quokkas
  5 ball pythons
  4 bats
  6 frilled lizards
  3 kobolds
  2 rats
51 creatures vanquished.

Notes
Turn   | Place    | Note
-------+----------+-------------------------------------------
     0 | D:5      | croobank the Demonspawn Delver began the quest for the Orb.
     0 | D:5      | Reached XP level 1. HP: 18/18 MP: 1/1
     5 | D:5      | Noticed a scorpion
    23 | D:5      | Found Tiruddaw's Book Emporium.
    25 | D:5      | Noticed a hound
    50 | D:4      | Discovered your monstrous ancestry.
    50 | D:4      | Gained mutation: You have large cloven feet. [demonic
                  | ancestry]
    50 | D:4      | Reached XP level 2. HP: 24/24 MP: 2/2
   132 | D:3      | Found Gedwav's Antique Armour Shoppe.
   323 | D:2      | Reached XP level 3. HP: 20/29 MP: 3/3
   453 | D:2      | Reached skill level 5 in Stealth
   529 | D:1      | Found a faded altar of an unknown god.
   906 | D:2      | Learned a level 1 spell: Summon Small Mammal
  1723 | D:3      | Gained mutation: You regenerate magic rapidly. [demonic
                  | ancestry]
  1723 | D:3      | Reached XP level 4. HP: 34/35 MP: 5/5
  2159 | D:4      | Reached skill level 1 in Armour
  2159 | D:4      | Reached skill level 1 in Spellcasting
  2274 | D:4      | Learned a level 3 spell: Call Canine Familiar
  2397 | D:4      | Noticed Eustachio
  2410 | D:4      | Reached XP level 5. HP: 40/41 MP: 6/6
  2421 | D:4      | HP: 2/41 [Eustachio (15)]
  2421 | D:4      | Slain by Eustachio

Illustrated notes

Levels and vault maps discovered:
D:1:      scummos_arrival_simple_fountains, layout_rooms,
          ebering_ecumenical_altar_abandoned
D:2:      layout_rooms
D:3:      minmay_diamond_boxcup, layout_basic, mainiacjoe_overflow_alcove_2,
          serial_shops, nicolae_shop_trees, minmay_misc_feat_square,
          chequers_serial_rivers_micro_b, kennysheep_generic_room_8
D:4:      layout_rooms, uniq_duvessa, uniq_eustachio
D:5:      layout_cave_pools, gammafunk_temple_overflow_pools,
          lemuel_coloured_pillars_altar, serial_shops, shop, minmay_holes,
          uniq_crazy_yiuf_cottage

Skill      XL: |  1  2  3  4 |
---------------+-------------+-----
Axes           | 2 |  2.8
Stealth        | 5 |  5.3
Armour         | 1 |  1.1
Spellcasting   | 1 |  1.2
Fighting       | |  3.3
Throwing       | |  0.1
Dodging        | |  1.9

Action                   |  1- 3 |  4- 6 || total
-------------------------+-------+-------++-------
Melee: Hand axe          |     7 |       ||     7
       War axe           |    65 |    53 ||   118
       Kick              |    16 |    15 ||    31
Throw: Dart              |     7 |       ||     7
Evoke: Wand              |       |     4 ||     4
  Use: Scroll            |     3 |       ||     3
       Potion            |     1 |       ||     1
 Stab: Sleeping          |    10 |     6 ||    16
       Paralysed         |       |     2 ||     2
Armor: Leather armour    |    15 |    22 ||    37
Dodge: Dodged            |    41 |    37 ||    78

Table legend: (Time is in decaauts)
 A = Elapsed time spent in this place.
 B = Non-inter-level travel time spent in this place.
 C = Inter-level travel time spent in this place.
 D = Time resting spent in this place.
 E = Time spent auto-exploring this place.
 F = Levels seen in this place.
 G = Mean time per level.
                   A        B        C        D        E       F      G
               +--------+--------+--------+--------+--------+-----+--------+
         Total |   2451 |   2424 |     27 |    152 |   1479 |   5 |  490.2 |
       Dungeon |   2451 |   2424 |     27 |    152 |   1479 |   5 |  490.2 |
               +--------+--------+--------+--------+--------+-----+--------+

Top non-repeatable levels by time:
     D:3: 1090 daAuts
     D:2: 597 daAuts
     D:1: 417 daAuts
     D:4: 302 daAuts
     D:5: 44 daAuts
